Map: 시뮬레이크럼 - 래더

Players

Stats - Winner!

  • Race: Protoss Protoss
  • Spawn Location: 5:00

PartinG

  • Race: Protoss Protoss
  • Spawn Location: 11:00

Event: IEM Katowice 2020

VOD

Have the link to the VOD?

Description

Time

  • Played on: Feb. 27, 2020, 7:38 a.m.
  • Length: 9:30

All games in this series

Show
View Real Time Build Order
Export as new Build Order

Stats Protoss - Winner!

Build Orders:  

Get SALT Encoding   

  12  0:00  Probe  
  13  0:12  Probe  
  14  0:18  Pylon  
  14  0:24  Probe (Chrono Boost)  
  15  0:37  Probe (Chrono Boost), Gateway  
  16  0:45  Probe (Chrono Boost)  
  16  0:46  Assimilator  
  17  0:52  Probe  
  17  0:54  Assimilator  
  18  1:04  Probe (Chrono Boost)  
  18  1:07  Gateway  
  19  1:14  Probe (Chrono Boost)  
  20  1:19  Probe (Chrono Boost)  
  20  1:24  Cybernetics Core  
  21  1:30  Probe  
  22  1:34  Pylon  
  22  1:42  Probe  
  23  1:55  Probe  
  23  2:00  Stalker x2  
  23  2:01  Warp Gate  
  28  2:07  Probe  
  29  2:11  Pylon  
  29  2:25  Robotics Facility  
  29  2:28  Shield Battery  
  29  2:34  Stalker  
  31  2:37  Stalker  
  33  3:06  Gateway  
  33  3:09  Immortal (Chrono Boost)  
  37  3:14  Pylon  
  36  3:36  Pylon  
  36  3:38  Warp Prism (Chrono Boost)  
  38  3:48  Sentry x2  
  42  4:05  Adept  
  42  4:07  Immortal (Chrono Boost)  
  48  4:13  Adept  
  48  4:17  Adept  
  52  4:28  Pylon  
  52  4:39  Observer (Chrono Boost)  
  53  4:46  Adept x2, Sentry  
  53  4:50  Pylon  
  53  5:05  Warp Prism  
  55  5:24  Adept x2  
  55  5:25  Adept  
  61  5:41  Immortal (Chrono Boost)  
  65  5:57  Observer  
  65  6:08  Twilight Council  
  63  6:14  Observer  
  58  6:22  Probe  
  57  6:34  Probe  
  58  6:43  Pylon  
  58  6:46  Resonating Glaives (Chrono Boost)  
  58  6:50  Probe  
  58  6:53  Pylon  
  59  7:00  Phoenix  
  59  7:07  Adept x3  
  65  7:14  Probe  
  65  7:39  Adept x3  
  65  7:40  Probe  
  72  7:55  Pylon  
  72  8:02  Adept x2  
  76  8:06  Adept  
  78  8:24  Adept x2  
  78  8:33  Pylon  
  78  8:54  Adept x3  
  58  9:15  Adept  
  58  9:16  Adept x2  
Show
View Real Time Build Order
Export as new Build Order

PartinG Protoss 

Build Orders: Zealot Archon 

Get SALT Encoding   

  12  0:00  Probe  
  13  0:12  Probe  
  14  0:17  Pylon  
  14  0:24  Probe (Chrono Boost)  
  15  0:36  Probe (Chrono Boost)  
  15  0:37  Gateway  
  16  0:45  Probe (Chrono Boost)  
  16  0:46  Assimilator  
  17  0:51  Probe  
  17  0:54  Assimilator  
  18  1:03  Probe (Chrono Boost)  
  19  1:07  Gateway  
  19  1:12  Probe (Chrono Boost)  
  19  1:17  Probe (Chrono Boost)  
  21  1:25  Cybernetics Core  
  21  1:29  Probe  
  22  1:36  Pylon  
  22  1:41  Probe  
  23  2:01  Stalker, Robotics Facility  
  23  2:02  Warp Gate  
  25  2:10  Stalker  
  25  2:13  Probe  
  28  2:20  Pylon  
  28  2:32  Sentry  
  29  2:39  Gateway  
  29  2:47  Immortal (Chrono Boost)  
  33  3:00  Pylon  
  33  3:15  Warp Prism (Chrono Boost)  
  35  3:33  Pylon  
  35  3:45  Observer  
  36  3:54  Twilight Council  
  36  3:58  Stalker x3  
  42  4:06  Probe  
  41  4:23  Stalker x3  
  47  4:41  Dark Shrine  
  47  4:54  Observer  
  41  5:07  Stalker x2  
  41  5:08  Stalker  
  47  5:17  Pylon  
  46  5:46  Shield Battery  
  46  5:47  Shield Battery  
  46  5:51  Shield Battery  
  46  5:54  Dark Templar x2  
  46  5:56  Zealot  
  52  5:58  Shield Battery  
  50  6:31  Probe  
  51  6:33  Nexus  
  51  6:42  Gateway  
  51  6:46  Probe  
  51  6:48  Stalker x2  
  51  6:51  Pylon  
  55  7:06  Pylon  
  55  7:20  Pylon  
  55  7:26  Pylon x2  
  55  7:27  Dark Templar x3  
  61  7:34  Archon  
  61  7:37  Archon  
  61  7:50  Nexus  
  62  7:51  Observer  
  62  7:58  Probe  
  63  8:07  Adept  
  63  8:09  Adept  
  67  8:27  Shield Battery x2  
  67  8:28  Sentry  
  69  8:38  Pylon  
  69  8:49  Stalker  
  65  9:00  Stalker  
  65  9:09  Stalker  
  57  9:16  Stalker  

Tags
 
Add a new tag
Caveats
  • Supply blocks, unpowered buildings, or Contaminate may cause inaccurate times.
  • Supply counts are checked every 10 seconds.